[Event "Early-Titled-Tuesday-Blitz-March-19-2024"]
[Site "Chess.com"]
[Date "2024.03.19"]
[Round "2"]
[White "BilicVladimir"]
[Black "HansOnTwitch"]
[Result "0-1"]
[WhiteElo "2704"]
[BlackElo "3075"]
[TimeControl "180+1"]
[EndTime "8:17:49 PDT"]
[Termination "HansOnTwitch won by resignation"]

1. e4 c6 2. d4 d5 3. Nd2 dxe4 4. Nxe4 Nf6 5. Nxf6+ exf6 6. Bc4 Bd6 7. Qe2+ Be7 8. Nf3 O-O 9. O-O Nd7 10. Bf4 Nb6 11. Bd3 Re8 12. Rfe1 Bg4 13. c3 Qd7 14. Bc2 Bh5 15. Qd3 Bg6 16. Qd2 Nc4 17. Qc1 Bf8 18. Bxg6 hxg6 19. b3 Nd6 20. Bxd6 Bxd6 21. Qd2 g5 22.
Rxe8+ Rxe8 23. Re1 g4 24. Rxe8+ Qxe8 25. Ne1 Qe4 26.
g3 f5 27. Nd3 f6 28. Qe3 Kf7 29. c4 g5 30. b4 Ke7 31. Kf1 b6 32. Ke2 Kd7 33.
a3 Qh1 34. c5 Bc7 35. cxb6 axb6 36. a4 Qa1 37. a5 Qa2+ 38. Kf1 Qc4 39. axb6 Bxb6 40.
Kg1 Bxd4 41. Nc5+ Qxc5 42. bxc5 Bxe3 43. fxe3 Ke6 0-1

[Event "Early-Titled-Tuesday-Blitz-March-19-2024"]
[Site "Chess.com"]
[Date "2024.03.19"]
[Round "2"]
[White "Dyadya81"]
[Black "davidkalashian"]
[Result "1-0"]
[WhiteElo "2954"]
[BlackElo "2652"]
[TimeControl "180+1"]
[EndTime "8:17:49 PDT"]
[Termination "Dyadya81 won by resignation"]

1. e4 c6 2. d3 g6 3. Nf3 Bg7 4. Be2 d6 5. O-O Nf6 6. c3 O-O 7. Qc2 Bg4 8. Be3 c5 9. Rd1 Nc6 10. Na3 a6 11. h3 Bxf3 12. Bxf3 Rc8 13. Qd2 e5 14. Bg5 b5 15. Nc2 Qd7 16. Ne3 Qb7 17. a4 Ne7 18. g3 Rb8 19. axb5 axb5 20. Kg2 Ra8 21. Rab1 Ra2 22. h4 h5 23. Re1 Nh7 24. Bxe7 Qxe7 25. Bd1 Bh6 26. Nd5 Bxd2 27. Nxe7+ Kg7 28.
Re2 Bh6 29. Nd5 Nf6 30. Bb3 Ra7 31. Rf1 Nxd5 32. Bxd5 Rb8 33. f4 exf4 34. gxf4 b4 35. cxb4 Rxb4 36. b3 Re7 37. f5 gxf5 38. Rxf5 Kg6 39.
Ref2 Bg7 40. Bxf7+ Kh7 41. Rxh5+ Bh6 42. Rf6 1-0

[Event "Early-Titled-Tuesday-Blitz-March-19-2024"]
[Site "Chess.com"]
[Date "2024.03.19"]
[Round "2"]
[White "Manukyan_Artak"]
[Black "CSB7"]
[Result "0-1"]
[WhiteElo "2446"]
[BlackElo "2782"]
[TimeControl "180+1"]
[EndTime "8:17:49 PDT"]
[Termination "CSB7 won by resignation"]

1. e4 e5 2. Nf3 Nc6 3. d4 exd4 4. Nxd4 Bc5 5. Nxc6 Qf6 6. Qd2 dxc6 7. Qf4 Be6 8. Nc3 O-O-O 9. Bd3 Bb4 10. Bd2 Bxc3 11. bxc3 Qxf4 12. Bxf4 Ne7 13. a4 a5 14. O-O-O c5 15. h4 h5 16. Bg3 Bd7 17. Bb5 Bxb5 18.
axb5 Rxd1+ 19. Rxd1 Rd8 20. Rd3 b6 21. c4 Rxd3 22. cxd3 Kd7 23. Kd2 c6 24. bxc6+ Nxc6 25. f3 g6 26. Bh2 Nd4 27. Bg1 Ne6 28. Be3 Kc6 29. g4 b5 30. cxb5+ Kxb5 31. gxh5 gxh5 32. f4 a4 33. Kc3 Nf8 34. f5 Nd7 35. Bf4 Nb6 36.
Bc7 Nc8 37. e5 Ne7 38. e6 fxe6 39. f6 Nd5+ 0-1

[Event "Early-Titled-Tuesday-Blitz-March-19-2024"]
[Site "Chess.com"]
[Date "2024.03.19"]
[Round "2"]
[White "2KTNGO"]
[Black "carloseduar100"]
[Result "1-0"]
[WhiteElo "2527"]
[BlackElo "2258"]
[TimeControl "180+1"]
[EndTime "8:17:49 PDT"]
[Termination "2KTNGO won on time"]

1. d4 d5 2. Nf3 c6 3. e3 Nf6 4.
Bd3 Nbd7 5. b3 e6 6. Bb2 Bd6 7. Nbd2 Qe7 8. e4 e5 9. dxe5 Nxe5 10. Nxe5 Bxe5 11. Bxe5 Qxe5 12. O-O dxe4 13. Nxe4 O-O 14. Re1 Nxe4 15. Rxe4 Qg5 16. h4 Qf6 17. Qe1 Be6 18. Rd1 Rad8 19. Qe3 Bd5 20. Rf4 Qe6 21. Qxa7 Rd7 22.
a4 Rfd8 23. Bf5 Qe2 24. Rfd4 Re7 25. c4 g6 26. Bg4 Qc2 27. cxd5 Qxb3 28. dxc6 Rxd4 29.
Qxd4 h5 30. Qd8+ Kh7 31. Qxe7 hxg4 32. Rd7 Kh6 33. Qg5+ Kg7 34. Qe5+ Kh6 35. Rd8 f6 36. Qf4+ 1-0

[Event "Early-Titled-Tuesday-Blitz-March-19-2024"]
[Site "Chess.com"]
[Date "2024.03.19"]
[Round "2"]
[White "MdChess1734"]
[Black "Kostya0705"]
[Result "0-1"]
[WhiteElo "2361"]
[BlackElo "2576"]
[TimeControl "180+1"]
[EndTime "8:17:52 PDT"]
[Termination "Kostya0705 won by resignation"]

1. e4 c5 2. Nf3 e6 3. d4 cxd4 4. Nxd4 Nc6 5. Nc3 Qc7 6. Be2 a6 7. f4 d6 8. Be3 Nf6 9. O-O Be7 10. Bf3 O-O 11. Qe1 Bd7 12. Qg3 Kh8 13. Rad1 Nxd4 14. Bxd4 Bc6 15. Kh1 b5 16. e5 dxe5 17. Bxe5 Qb7 18.
Rde1 Rad8 19. Ne4 Rg8 20. Ng5 Rdf8 21. Qh4 h6 22. Qh3 Qd7 23. Rd1 Qe8 24. Be2 Bd5 25.
Bd3 Bd8 26. c3 Qe7 27. Bxf6 Qxf6 28. Nh7 Qe7 29. Nxf8 Rxf8 30. f5 Qg5 31. fxe6 Bxe6 32. Rde1 Bxh3 0-1

[Event "Early-Titled-Tuesday-Blitz-March-19-2024"]
[Site "Chess.com"]
[Date "2024.03.19"]
[Round "2"]
[White "adotand"]
[Black "RoelandPruijssers"]
[Result "0-1"]
[WhiteElo "2995"]
[BlackElo "2691"]
[TimeControl "180+1"]
[EndTime "8:17:54 PDT"]
[Termination "RoelandPruijssers won by resignation"]

1. e4 Nf6 2. e5 Nd5 3. d4 d6 4. c4 Nb6 5. f4 dxe5 6. fxe5 Nc6 7. Nf3 Bg4 8. Be3 e6 9. Nc3 Be7 10. Be2 Bxf3 11. gxf3 Bh4+ 12. Kf1 O-O 13. Rg1 f6 14. exf6 Qxf6 15. Ne4 Qf5 16. Kg2 Rad8 17. Kh1 Nxd4 18. Bxd4 e5 19. c5 Rxd4 20. Qb3+ Nd5 21. Rg4 Be7 22.
Rag1 Rf7 23. Qxb7 Nf4 24. Bf1 h5 25. R4g3 Bh4 26. Qb3 Bxg3 27. Bc4 Rxc4 28. Qxc4 Bh4 29. Rd1 Qh3 30. Qf1 Qxf1+ 31. Rxf1 Rd7 32. Rc1 Rd3 33.
c6 Rxf3 34. Nc5 Nd3 35. Nxd3 Rxd3 36. Kg2 e4 37. Rc4 Rd2+ 38. Kh3 Be7 39. Rxe4 Bd6 40. Kh4 Rxh2+ 41. Kg5 Rg2+ 42. Kxh5 Rxb2 43. a4 Rb4 44.
Re6 Kf7 45. Re2 Rxa4 0-1

[Event "Early-Titled-Tuesday-Blitz-March-19-2024"]
[Site "Chess.com"]
[Date "2024.03.19"]
[Round "2"]
[White "Juicy_Fork"]
[Black "Igor_Lysyj"]
[Result "1-0"]
[WhiteElo "2547"]
[BlackElo "2794"]
[TimeControl "180+1"]
[EndTime "8:17:54 PDT"]
[Termination "Juicy_Fork won by resignation"]

1. e4 e5 2. Nf3 Nc6 3. Bb5 a6 4.
Ba4 Nf6 5. O-O Nxe4 6. d4 b5 7. Bb3 d5 8. dxe5 Be6 9. Qe2 Nc5 10. Rd1 Nxb3 11. cxb3 Be7 12. Nc3 O-O 13. h3 Qd7 14. Be3 f6 15. exf6 Rxf6 16. Bg5 Rxf3 17. Bxe7 Rxc3 18. bxc3 Qxe7 19. a4 Re8 20. axb5 axb5 21. Qxb5 Ne5 22. Re1 Qf7 23. Rxe5 Rf8 24. Qe2 Bf5 25. Re7 Qg6 26. Qe3 Qd6 27. Re8 Be4 28. Rxf8+ Kxf8 29. c4 Qg6 30. Qf4+ Qf6 31. Qxf6+ gxf6 32.
cxd5 Bxd5 33. b4 c6 34. Ra7 1-0

[Event "Early-Titled-Tuesday-Blitz-March-19-2024"]
[Site "Chess.com"]
[Date "2024.03.19"]
[Round "2"]
[White "djano"]
[Black "rezamahdavi2008"]
[Result "1-0"]
[WhiteElo "2624"]
[BlackElo "2849"]
[TimeControl "180+1"]
[EndTime "8:17:56 PDT"]
[Termination "djano won by resignation"]

1. e4 c5 2. Nc3 d6 3. f4 g6 4. Nf3 Bg7 5. Bc4 Nc6 6. O-O e6 7. d4 cxd4 8. Nb5 Nge7 9. Bb3 O-O 10. Nbxd4 Nxd4 11. Nxd4 Bd7 12. c3 b5 13. Be3 Qc7 14.
Qe1 Qb7 15. f5 exf5 16. Bg5 Rae8 17. Qh4 Qxe4 18. Rf4 Qe3+ 19. Rf2 Qe4 20. Rf4 Qe3+ 21. Rf2 f4 22. Bxf4 Qe5 23. Bxe5 dxe5 24. Raf1 Nf5 25.
Nxf5 gxf5 26. Rxf5 Bxf5 27. Rxf5 h6 28. Qh5 Re7 29.
h3 a5 30. Bc2 b4 31. Be4 bxc3 32. bxc3 Rd7 33. Rf3 Rfd8 34. Qf5 a4 35. a3 Rc7 36.
Rg3 Kf8 37. Qh7 Bf6 38. Rg8+ Ke7 39. Rxd8 Kxd8 40. Qxh6 Ke7 41. Qe3 Ke6 42. Qb6+ 1-0

[Event "Early-Titled-Tuesday-Blitz-March-19-2024"]
[Site "Chess.com"]
[Date "2024.03.19"]
[Round "2"]
[White "Statham_01"]
[Black "Byniolus"]
[Result "1-0"]
[WhiteElo "2592"]
[BlackElo "2805"]
[TimeControl "180+1"]
[EndTime "8:17:57 PDT"]
[Termination "Statham_01 won by resignation"]

1. e4 d6 2. d4 Nf6 3. Nc3 c6 4. f4 Qb6 5. e5 Nd5 6. Nf3 Bg4 7. Nxd5 cxd5 8. c3 e6 9. Bd3 g6 10. O-O Nc6 11. Kh1 Be7 12. Qe1 Bf5 13. Bxf5 gxf5 14. exd6 Bxd6 15. c4 dxc4 16. d5 Nd8 17. Be3 Bc5 18.
Bxc5 Qxc5 19. Rd1 h6 20. Qe5 Rg8 21. Qf6 Qe7 22. Qxh6 Rg6 23. Qh8+ Qf8 24. Qd4 Qg7 25. Ne5 Rxg2 26. dxe6 fxe6 27. Rg1 Rxg1+ 28. Rxg1 Qh7 29. Nd7 Ke7 30. Rg7+ Qxg7 31. Qxg7+ Nf7 32. Ne5 Rf8 33. Ng6+ Ke8 34. Qxf8+ 1-0

[Event "Early-Titled-Tuesday-Blitz-March-19-2024"]
[Site "Chess.com"]
[Date "2024.03.19"]
[Round "2"]
[White "willcab71"]
[Black "Ergali_Suleimen"]
[Result "1-0"]
[WhiteElo "2125"]
[BlackElo "2411"]
[TimeControl "180+1"]
[EndTime "8:17:57 PDT"]
[Termination "willcab71 won by checkmate"]

1. d4 Nf6 2. c4 g6 3. Nc3 Bg7 4.
e4 d6 5. Nge2 O-O 6. Ng3 e5 7.
d5 h5 8. h4 c6 9. Bg5 cxd5 10.
cxd5 a6 11. Be2 Nbd7 12. Bxh5 gxh5 13. Nxh5 Qb6 14. Nxg7 Kxg7 15. Qf3 Nh7 16. Rh3 Kh8 17. O-O-O f6 18. Bh6 Rf7 19. Qh5 Re7 20. Rg3 Qd8 21.
Qg6 Qe8 22. Bg7+ Kg8 23. Qh6 Ng5 24. Bxf6 Nxf6 25. Qxf6 Rg7 26. Rxg5 Rxg5 27. hxg5 Qf8 28. Qg6+ Qg7 29. Qxd6 Qxg5+ 30. Kb1 Bg4 31. f3 Bh5 32. Rh1 Rf8 33. Qe6+ Kg7 34. Qd7+ Rf7 35. Qh3 Bg6 36. Qh8# 1-0

[Event "Early-Titled-Tuesday-Blitz-March-19-2024"]
[Site "Chess.com"]
[Date "2024.03.19"]
[Round "2"]
[White "GothamChess"]
[Black "shimastream"]
[Result "1-0"]
[WhiteElo "2696"]
[BlackElo "3004"]
[TimeControl "180+1"]
[EndTime "8:17:58 PDT"]
[Termination "GothamChess won on time"]

1. d4 Nf6 2. Bg5 g6 3. Bxf6 exf6 4. e3 d5 5. c4 dxc4 6. Bxc4 Bd6 7. Nf3 Nd7 8. Nc3 f5 9. O-O O-O 10. Rc1 a6 11. Re1 Nf6 12. h3 Re8 13. Qb3 Re7 14. Ng5 Qf8 15. a4 h6 16. Nf3 Qe8 17. Rc2 Kg7 18.
Rcc1 g5 19. Nd2 g4 20. hxg4 fxg4 21. e4 Bf4 22. Qd1 Bxd2 23. Qxd2 Nxe4 24. Nxe4 Rxe4 25. Rxe4 Qxe4 26. Re1 Qc6 27. Qc3 Qf6 28. Re8 h5 29.
Qe3 h4 30. Bd3 b6 31. Qe4 1-0

[Event "Early-Titled-Tuesday-Blitz-March-19-2024"]
[Site "Chess.com"]
[Date "2024.03.19"]
[Round "2"]
[White "wannabe2700"]
[Black "DanielDardha2005"]
[Result "1-0"]
[WhiteElo "2627"]
[BlackElo "2859"]
[TimeControl "180+1"]
[EndTime "8:17:58 PDT"]
[Termination "wannabe2700 won by checkmate"]

1. b3 d5 2. Bb2 Bf5 3. Nf3 h6 4. g3 Nf6 5. Bg2 e6 6. O-O a5 7. d3 Be7 8. Nbd2 O-O 9. e4 Bh7 10. exd5 Nxd5 11. Ne5 Nd7 12. a3 Nxe5 13. Bxe5 Bf6 14.
Re1 Nc3 15. Qg4 c6 16. a4 Nd5 17.
Nc4 Nb4 18. Re2 Bxe5 19. Nxe5 Bf5 20. Qc4 Qd6 21. Rae1 Rad8 22. h4 Nd5 23. g4 Bh7 24.
g5 hxg5 25. hxg5 Bf5 26. Qh4 f6 27. g6 Bxg6 28. Nxg6 Rfe8 29. Re3 Nxe3 30. Rxe3 Qd4 31. Qh8+ Kf7 32. Qh5 Qa1+ 33. Kh2 b5 34. Bxc6 Qf1 35. Rf3 Rg8 36. axb5 f5 37. Rxf5+ exf5 38. Qxf5# 1-0

[Event "Early-Titled-Tuesday-Blitz-March-19-2024"]
[Site "Chess.com"]
[Date "2024.03.19"]
[Round "2"]
[White "LornerAcosta"]
[Black "Adar_07"]
[Result "0-1"]
[WhiteElo "2598"]
[BlackElo "2845"]
[TimeControl "180+1"]
[EndTime "8:17:59 PDT"]
[Termination "Adar_07 won on time"]

1. Nf3 Nf6 2. d4 g6 3. c3 Bg7 4.
Bf4 O-O 5. Nbd2 d6 6. e4 Nbd7 7. Be2 Re8 8. h3 b6 9. e5 dxe5 10. dxe5 Nd5 11. Bg3 e6 12. O-O Bb7 13. Qc2 c5 14.
Ne4 Qc7 15. Nd6 Red8 16. a4 a6 17. Rfe1 Bc6 18. h4 Ne7 19. h5 Nf5 20. hxg6 hxg6 21.
Nxf5 gxf5 22. Qc1 Nf8 23. Qg5 Ng6 24. Qh5 Bxf3 25. Bxf3 Rab8 26. Qg5 Rd3 27. Bh5 Qd8 28. Qc1 Rb7 29. Be2 Rd2 30. Bxa6 Rbd7 31. Bb5 R7d5 32. Bc4 Rd7 33. Bb5 f4 34. Bh2 R7d5 35. Bc4 Rxe5 36. Rxe5 Nxe5 37. Bf1 Bh6 38. Qe1 Qd5 39.
a5 bxa5 40. Ra4 Rd1 41. Qe2 c4 42. f3 Nd3 43. Kh1 Re1 0-1

[Event "Early-Titled-Tuesday-Blitz-March-19-2024"]
[Site "Chess.com"]
[Date "2024.03.19"]
[Round "2"]
[White "Revan_2002"]
[Black "AktilekAskarovich"]
[Result "1-0"]
[WhiteElo "2580"]
[BlackElo "2359"]
[TimeControl "180+1"]
[EndTime "8:18:00 PDT"]
[Termination "Revan_2002 won by resignation"]

1. d4 Nf6 2. c4 g6 3. Nc3 d5 4.
cxd5 Nxd5 5. e4 Nxc3 6. bxc3 Bg7 7.
Bc4 c5 8. Ne2 Nc6 9. Be3 O-O 10.
Rc1 b6 11. h4 Na5 12. Bd3 h6 13. Qd2 Kh7 14. h5 g5 15. e5+ Kg8 16. Bxg5 hxg5 17. h6 f6 18. hxg7 Kxg7 19. Rh7+ Kg8 20. Qe3 Rf7 21.
Rxf7 Kxf7 22. Qe4 Bb7 23. Qg6+ Ke6 24. Bf5+ Kd5 25. c4+ Kc6 26. d5+ Kc7 27. exf6 Qd6 28. fxe7 Qxe7 29. Kf1 Rh8 30. Ng3 Kb8 31. Re1 Qd8 32.
Re4 Ba6 33. Kg1 Nxc4 34. Be6 Nd6 35. Re5 Bb7 36. Rxg5 c4 37. Qg7 c3 38. Qxc3 Rf8 39. Rg7 Bc8 40. Qe5 Bxe6 41. dxe6 Re8 42. Rd7 1-0

[Event "Early-Titled-Tuesday-Blitz-March-19-2024"]
[Site "Chess.com"]
[Date "2024.03.19"]
[Round "2"]
[White "Alen_Yeremyann"]
[Black "EternalNight8"]
[Result "1-0"]
[WhiteElo "2825"]
[BlackElo "2474"]
[TimeControl "180+1"]
[EndTime "8:18:01 PDT"]
[Termination "Alen_Yeremyann won on time"]

1. e4 e5 2. Nf3 Nf6 3. d4 Nxe4 4. dxe5 Bc5 5. Qd5 Nxf2 6. Qxc5 Nxh1 7. Qg1 Qe7 8. Qxh1 O-O 9. Nc3 Nc6 10. Bf4 Qb4 11. Bd2 Qxb2 12. Rb1 Qxc2 13. Bc4 d5 14. Bxd5 Bf5 15. Qf1 Rae8 16. Bb3 Qd3 17. Qxd3 Bxd3 18. Rc1 Nxe5 19. Nxe5 Rxe5+ 20. Kf2 Rfe8 21. g3 b5 22. Bf4 R5e7 23. Rd1 Be2 24. Rd2 Bc4 25. Bxc4 bxc4 26. Rd4 f6 27. Rxc4 g5 28.
Bxc7 Rc8 29. Nd5 Rf7 30. Ke3 Kg7 31. Kd4 Kg6 32. Rc6 h5 33. h4 gxh4 34. gxh4 Kf5 35. Ne3+ Kg6 36. Nd5 Kf5 37. Rc4 Rd7 38. a4 Ke6 39.
Rc6+ Kf5 40. Rxf6+ Kg4 41. Rf4+ Kh3 42. Ba5 Rg7 43.
Ne3 Re8 44. Rf3+ Kxh4 45. Nf5+ 1-0

[Event "Early-Titled-Tuesday-Blitz-March-19-2024"]
[Site "Chess.com"]
[Date "2024.03.19"]
[Round "2"]
[White "ulises2013"]
[Black "Jospem"]
[Result "0-1"]
[WhiteElo "2700"]
[BlackElo "3053"]
[TimeControl "180+1"]
[EndTime "8:18:02 PDT"]
[Termination "Jospem won by checkmate"]

1. e4 e5 2. Nf3 Nc6 3. Bb5 a6 4. Bxc6 dxc6 5. O-O f6 6. d4 exd4 7. Nxd4 Bd6 8. Nc3 Ne7 9. Be3 Ng6 10. f4 O-O 11. Qd2 Qe7 12. Rae1 Bd7 13. Qf2 Rae8 14. h3 Qf7 15. a3 b6 16. g4 Ne7 17. Nf5 Nxf5 18. exf5 c5 19. Qf3 Kh8 20. Bf2 Qc4 21. Re4 Bc6 22. Rxc4 Bxf3 23. a4 h5 24. gxh5 Kh7 25.
Kh2 Bc6 26. Kg3 b5 27. axb5 axb5 28. Rxc5 Bxc5 29. Bxc5 Rf7 30. Ra1 Rd7 31. Ra6 Be4 32. Nxb5 Bxc2 33. Nd4 Rd5 34. Rc6 Bxf5 35. Rxc7 Re4 36. Nf3 Re8 37. Nd4 Red8 38. Nf3 Rd3 39. Kf2 Be4 40. Nh4 Rxh3 41. Be7 Rd2+ 42. Kg1 Rh1# 0-1

[Event "Early-Titled-Tuesday-Blitz-March-19-2024"]
[Site "Chess.com"]
[Date "2024.03.19"]
[Round "2"]
[White "Elnaz_Kaliakhmet"]
[Black "Kiborg95"]
[Result "1-0"]
[WhiteElo "2516"]
[BlackElo "2780"]
[TimeControl "180+1"]
[EndTime "8:18:02 PDT"]
[Termination "Elnaz_Kaliakhmet won by checkmate"]

1. d4 d6 2. c4 e5 3. Nc3 exd4 4. Qxd4 Nf6 5. Qd2 Be6 6. b3 d5 7. cxd5 Nxd5 8. Nxd5 Qxd5 9. Nf3 Nc6 10. Qxd5 Bxd5 11.
e3 O-O-O 12. Bd2 Nb4 13. Nd4 Be4 14. a3 Nd3+ 15. Bxd3 Bxd3 16. f3 c5 17. Ne2 Be7 18. Nf4 Bc2 19. b4 c4 20. Rc1 Bb3 21. Bc3 Rhe8 22.
Kf2 g6 23. Ne2 Bg5 24. f4 Be7 25. Nd4 Ba4 26. b5 Bc5 27. Bb4 Bxd4 28. Rxc4+ Kb8 29.
Rxd4 Bxb5 30. Rhd1 Rc8 31. a4 Bc6 32. a5 a6 33. Bd6+ Ka8 34. Be5 Bb5 35. g4 Ka7 36.
Kg3 b6 37. Rd7+ Bxd7 38. Rxd7+ Ka8 39. axb6 Rb8 40. Ra7# 1-0

[Event "Early-Titled-Tuesday-Blitz-March-19-2024"]
[Site "Chess.com"]
[Date "2024.03.19"]
[Round "2"]
[White "Laico"]
[Black "lamomiajunior"]
[Result "1/2-1/2"]
[WhiteElo "2432"]
[BlackElo "2726"]
[TimeControl "180+1"]
[EndTime "8:18:02 PDT"]
[Termination "Game drawn - insufficient material"]

1. e4 c5 2. Nc3 d6 3. f4 g6 4. Nf3 Bg7 5. Bb5+ Bd7 6. O-O Nc6 7. d3 e6 8. Bxc6 Bxc6 9. f5 Nf6 10. Qe1 h6 11. fxg6 fxg6 12. Nh4 g5 13. Ng6 Rg8 14. e5 dxe5 15. Nxe5 Qc7 16. a4 O-O-O 17. Nb5 Bxb5 18. axb5 Nd5 19. Nf7 Rde8 20. Rxa7 Rgf8 21. Ra8+ Kd7 22. Rxe8 Rxe8 23. Bxg5 hxg5 24. Nxg5 Bd4+ 25. Kh1 Kc8 26. Rf7 Qd8 27. Qg3 Rg8 28. h4 Bf6 29.
Qg4 Bxg5 30. Qxe6+ Kb8 31. hxg5 Qxg5 32. Qd6+ Ka8 33.
Rf8+ Rxf8 34. Qxf8+ Ka7 35. Qxc5+ b6 36. Qd6 Qh4+ 37.
Kg1 Qd4+ 38. Kh2 Qh8+ 39. Kg1 Qd4+ 40. Kh1 Qc5 41. Qxc5 bxc5 42. c3 Nf4 43. b4 cxb4 44. cxb4 Kb6 45. g4 Kxb5 46. g5 Kxb4 47. Kh2 Kc5 48. Kg3 Ng6 49. Kg4 Kd4 50. Kf5 Nh4+ 51. Kf6 Kxd3 52. g6 Nxg6 1/2-1/2

[Event "Early-Titled-Tuesday-Blitz-March-19-2024"]
[Site "Chess.com"]
[Date "2024.03.19"]
[Round "2"]
[White "HanSchut"]
[Black "santosalberto1987"]
[Result "0-1"]
[WhiteElo "2324"]
[BlackElo "2554"]
[TimeControl "180+1"]
[EndTime "8:18:02 PDT"]
[Termination "santosalberto1987 won on time"]

1. e4 e6 2. d4 d5 3. e5 c5 4. c3 Qb6 5. Nf3 Nc6 6. Bd3 cxd4 7. O-O Bd7 8. Re1 Nge7 9. h4 h5 10. Nbd2 dxc3 11. bxc3 Nf5 12. Rb1 Qc7 13. Bxf5 exf5 14. Nb3 Be6 15. Nbd4 Be7 16. Qb3 Rb8 17. Ba3 O-O 18. Nb5 Qd7 19. Bd6 Bxd6 20. Nxd6 d4 21. c4 Nxe5 22. Rxe5 Qxd6 23. Rd1 Rfd8 24. Rb5 Qc6 25. Ne5 Qc7 26. f4 f6 27. Ng6 Bxc4 28. Qf3 Bxb5 29. Qxh5 Be8 30. Qh8+ Kf7 31. Qh5 Ke6 32.
Re1+ Kd6 33. Qxf5 Bf7 34. Ne7 Qxe7 35. Rxe7 Kxe7 36. Qc5+ Rd6 37. g4 d3 38. Kf2 d2 39.
Qe3+ Kf8 40. Qc5 d1=Q 0-1

[Event "Early-Titled-Tuesday-Blitz-March-19-2024"]
[Site "Chess.com"]
[Date "2024.03.19"]
[Round "2"]
[White "geminithegreat"]
[Black "ragnaroek66"]
[Result "0-1"]
[WhiteElo "2228"]
[BlackElo "2513"]
[TimeControl "180+1"]
[EndTime "8:18:03 PDT"]
[Termination "ragnaroek66 won by resignation"]

1. Nf3 d5 2. g3 Nd7 3. Bg2 e5 4. d3 Ngf6 5. O-O Bd6 6. c4 c6 7.
b3 O-O 8. Bb2 Re8 9. Nc3 h6 10.
e4 d4 11. Ne2 a5 12. a3 Nf8 13. Ne1 Ng6 14. Qd2 Qb6 15. f4 Qxb3 16. fxe5 Bxe5 17. Bxd4 Bxd4+ 18. Nxd4 Qb6 19. Nc2 Rd8 20. Rab1 Qc5 21. Qf2 Kh7 22. h3 Rb8 23. Nb3 Qxf2+ 24. Rxf2 Rxd3 25.
Nxa5 Rxg3 26. Nxc6 Ra8 27. Kh2 Rxg2+ 28. Kxg2 bxc6 29.
Rb6 Ne5 30. Re2 Be6 31. Nd4 Bxc4 32. Re1 Bd3 33. Nf3 Nxf3 34. Kxf3 Rxa3 35. Re3 Bxe4+ 36. Kf4 g5+ 37. Ke5 Rxe3 38. Kxf6 Rf3+ 39. Ke5 Bd5 40.
Rb7 Kg6 41. Rc7 f6+ 42. Kd4 Rxh3 43. Re7 Rh4+ 44. Kc5 Rc4+ 45. Kd6 Re4 0-1

[Event "Early-Titled-Tuesday-Blitz-March-19-2024"]
[Site "Chess.com"]
[Date "2024.03.19"]
[Round "2"]
[White "LeRoidesChampions"]
[Black "tptagain"]
[Result "1-0"]
[WhiteElo "2671"]
[BlackElo "2946"]
[TimeControl "180+1"]
[EndTime "8:18:04 PDT"]
[Termination "LeRoidesChampions won on time"]

1. e4 c6 2. d4 d5 3. e5 Bf5 4.
h4 h6 5. Bd3 Bxd3 6. Qxd3 e6 7.
h5 c5 8. c3 Nc6 9. Ne2 Nge7 10.
a3 a5 11. f4 a4 12. Nd2 Qb6 13. Nf3 cxd4 14. Nexd4 Nxd4 15. Nxd4 Nc6 16. O-O Bc5 17.
Be3 O-O 18. Rf2 f6 19. Re1 Bxd4 20. Bxd4 Nxd4 21. cxd4 Rac8 22. f5 fxe5 23. Rxe5 exf5 24. Rexf5 Rc1+ 25. Kh2 Qd6+ 26. g3 Re8 27. Qf3 Qe6 28.
Qxd5 Qxd5 29. Rxd5 Rc7 30. Ra5 Rd8 31. Rxa4 Rd5 32. g4 g6 33. hxg6 Kg7 34. Rf7+ Rxf7 35. gxf7 Kxf7 36. Rb4 b5 37. a4 bxa4 38. Rxa4 Rb5 39.
Kg3 Rxb2 40. Kf4 Rd2 41. Ke5 Re2+ 42. Kd6 1-0

[Event "Early-Titled-Tuesday-Blitz-March-19-2024"]
[Site "Chess.com"]
[Date "2024.03.19"]
[Round "2"]
[White "maciek_92"]
[Black "Massakru"]
[Result "1-0"]
[WhiteElo "2888"]
[BlackElo "2438"]
[TimeControl "180+1"]
[EndTime "8:18:04 PDT"]
[Termination "maciek_92 won on time"]

1. e4 e5 2. Nc3 Nc6 3. g3 Nf6 4.
Bg2 Bc5 5. d3 O-O 6. Nge2 a6 7.
O-O d6 8. h3 Nd4 9. Kh2 Nxe2 10.
Nxe2 d5 11. exd5 Nxd5 12. f4 exf4 13. Nxf4 Nxf4 14. Bxf4 Bd6 15. c3 Re8 16. d4 c6 17.
Qh5 Be6 18. b3 a5 19. c4 a4 20. d5 cxd5 21. cxd5 g6 22. dxe6 gxh5 23. exf7+ Kxf7 24. Bg5+ Kg7 25. Bxd8 Rexd8 26. h4 axb3 27. axb3 Rxa1 28.
Rxa1 b6 29. Ra7+ Kf6 30. Rxh7 Rg8 31. Rxh5 Bxg3+ 32. Kg1 Bf4 33. Kf2 Ke7 34. Bd5 Rf8 35. Bc4 Bd6+ 36. Ke3 Bc5+ 37. Ke4 Rf2 38. Rh7+ Kd6 39.
h5 Rh2 40. Rh6+ Kc7 41. Ke5 Rh3 42. Rh7+ Kc6 43. Rh6+ Kc7 44. Bd5 Rh2 45. Rh7+ Kd8 46. Bc4 Rh4 47. Ke6 Kc8 48. Bd5 Kd8 49. Kf5 Rh2 50.
Be6 Ke8 51. Bf7+ 1-0

[Event "Early-Titled-Tuesday-Blitz-March-19-2024"]
[Site "Chess.com"]
[Date "2024.03.19"]
[Round "2"]
[White "Likvidator228"]
[Black "baki83"]
[Result "0-1"]
[WhiteElo "2601"]
[BlackElo "2847"]
[TimeControl "180+1"]
[EndTime "8:18:05 PDT"]
[Termination "baki83 won by resignation"]

1. d4 d5 2. Nf3 e6 3. Bf4 Bd6 4. Bg3 Ne7 5. e3 b6 6. c4 Bb7 7.
Nc3 Nf5 8. Bxd6 Nxd6 9. cxd5 exd5 10. Bd3 Nd7 11. Rc1 O-O 12. O-O Nf6 13. Ne5 Nfe4 14.
Nxe4 dxe4 15. Be2 Bd5 16. Nc4 Nf5 17. a3 Nh4 18. Kh1 Qg5 19. Rg1 Rae8 20. Ne5 Re7 21. g3 Ng6 22. Nc6 Rd7 23. Nxa7 c5 24. Nb5 Ba8 25.
Qb3 Rfd8 26. dxc5 bxc5 27. Rcd1 Rd3 28. Qc2 Ne5 29. Qxc5 Qf5 30. Nd4 R8xd4 31. exd4 e3+ 32. d5 Bxd5+ 33. Qxd5 Rxd5 34. Rxd5 Qe4+ 35. f3 Qxd5 36. Rd1 Qa8 37. Kg2 g6 38. Rd5 Qxd5 0-1

[Event "Early-Titled-Tuesday-Blitz-March-19-2024"]
[Site "Chess.com"]
[Date "2024.03.19"]
[Round "2"]
[White "vi_pranav"]
[Black "jk13"]
[Result "1-0"]
[WhiteElo "3053"]
[BlackElo "2698"]
[TimeControl "180+1"]
[EndTime "8:18:06 PDT"]
[Termination "vi_pranav won by resignation"]

1. e4 e5 2. Nc3 Nf6 3. Bc4 Nc6 4. d3 Na5 5. Bb3 c6 6. Nf3 d6 7.
O-O Nxb3 8. axb3 Be7 9. h3 O-O 10. d4 Qc7 11. Re1 h6 12. Be3 a5 13. Qd3 b5 14. b4 Bb7 15. Rxa5 Rxa5 16. bxa5 Qxa5 17. dxe5 dxe5 18. Nxe5 Rd8 19. Qe2 b4 20. Nc4 Qa6 21. Nb1 c5 22. f3 Bc6 23. Nbd2 Bb5 24. b3 Qa2 25. Nf1 Nd7 26. Bf4 Nb6 27. Nfe3 Nxc4 28. bxc4 Ba4 29. Kh2 Bf8 30. Be5 Bd6 31. Bxd6 Rxd6 32.
Rd1 Rd4 33. Nf5 Rxd1 34. Qxd1 Qxc4 35. Qd8+ Kh7 36. Qf8 Qc3 37. Ne7 Qe5+ 38. g3 h5 39. Qg8+ Kh6 40. Qh8+ Kg5 41. f4+ 1-0

[Event "Early-Titled-Tuesday-Blitz-March-19-2024"]
[Site "Chess.com"]
[Date "2024.03.19"]
[Round "2"]
[White "AlexOstrovskiy"]
[Black "itsdsyr"]
[Result "1-0"]
[WhiteElo "2741"]
[BlackElo "2242"]
[TimeControl "180+1"]
[EndTime "8:18:06 PDT"]
[Termination "AlexOstrovskiy won on time"]

1. d4 Nf6 2. Bg5 Ne4 3. h4 d5 4.
Nd2 h6 5. Bf4 Bf5 6. e3 e6 7. f3 Nxd2 8. Qxd2 Nc6 9. g4 Bh7 10.
a3 Bd6 11. Bb5 Qd7 12. Ne2 a6 13. Ba4 b5 14. Bb3 Ne7 15. h5 c5 16. dxc5 Bxc5 17.
Qc3 Bd6 18. Qxg7 O-O-O 19. Qd4 Nc6 20. Qb6 Qb7 21. Qxb7+ Kxb7 22. Bxh6 Bxc2 23. Bxc2 Rxh6 24. Kf2 f6 25. Rad1 Bc5 26. b4 Bb6 27. Nf4 Rd6 28. Bb3 Ne5 29. Nxe6 Nc4 30. Nd4 1-0

[Event "Early-Titled-Tuesday-Blitz-March-19-2024"]
[Site "Chess.com"]
[Date "2024.03.19"]
[Round "2"]
[White "Alexchess1984"]
[Black "Levanzovsky"]
[Result "1-0"]
[WhiteElo "2765"]
[BlackElo "2429"]
[TimeControl "180+1"]
[EndTime "8:18:06 PDT"]
[Termination "Alexchess1984 won on time"]

1. e4 c5 2. c3 d5 3. exd5 Qxd5 4.
d4 Nf6 5. Nf3 Nc6 6. Be3 cxd4 7.
cxd4 e6 8. a3 Be7 9. Nc3 Qd6 10.
Bd3 O-O 11. Qc2 Rd8 12. O-O g6 13. h3 b6 14. Rad1 Bb7 15. Nb5 Qd7 16. Nc3 Rac8 17. Rfe1 Nd5 18. Nxd5 Qxd5 19. Qe2 Na5 20. Rc1 Bf6 21.
b4 Nb3 22. Rcd1 Qh5 23. Bc4 Bxf3 24. gxf3 Nxd4 25. Bxd4 Bxd4 26. Bxe6 Qg5+ 27. Kh1 fxe6 28. Qxe6+ Kf8 29. Rxd4 Rxd4 30. Qxc8+ Rd8 31. Qe6 1-0